 Dungeon Crawl Stone Soup version 0.18.1-6-gd335043 (webtiles) character file.

227 epen the Skirmisher (level 5, -7/42 HPs)
             Began as a Demonspawn Fighter on May 15, 2016.
             Mangled by Crazy Yiuf
             ... wielding a +4 quarterstaff of chaos
              (8 damage)
             ... on level 2 of the Dungeon.
             The game lasted 00:02:02 (1754 turns).

epen the Skirmisher (Demonspawn Fighter)            Turns: 1754, Time: 00:02:03

Health: -7/42      AC:  8    Str: 18    XL:     5   Next: 70%
Magic:  5/5        EV: 10    Int:  9    God:
Gold:   150        SH:  0    Dex: 12    Spells: 0 memorised, 4 levels left

rFire  + . .     SeeInvis .     a - +0 long sword
rCold  . . .     Gourm    .     b - +0 scale mail
rNeg   . . .     Faith    .     (no shield)
rPois  .         Spirit   .     (helmet restricted)
rElec  .         Dismiss  .     (no cloak)
rCorr  .         Reflect  .     h - +0 pair of gloves
SustAt .         Harm     .     (no boots)
MR     .....                    (no amulet)
Stlth  ..........               (no ring)
                                (no ring)

@: hasted and slowed, not resistant to hostile enchantments, extremely
unstealthy
A: antennae 1, fire resistance 1
a: no special abilities


You were on level 2 of the Dungeon.
You were hungry.

You visited 1 branch of the dungeon, and saw 2 of its levels.

You collected 150 gold pieces.

Inventory:

Hand Weapons
 a - a +0 long sword (weapon)
Armour
 b - a +0 scale mail (worn)
 c - a +0 shield
 h - a +0 pair of gloves (worn)
Wands
 p - a wand of iceblast (7/15)
Scrolls
 e - a scroll of enchant weapon {unknown}
 g - 2 scrolls of teleportation {unknown}
 j - 3 scrolls of identify {unknown}
 o - 2 scrolls of remove curse {unknown}
Potions
 d - a potion of might
 i - a potion of brilliance {unknown}
 k - 2 potions of curing {unknown}
 l - a potion of haste
 m - a potion of flight {unknown}
 n - 2 potions of heal wounds {unknown}
Comestibles
 f - a bread ration
 q - a beef jerky
 r - 4 fruits


   Skills:
 + Level 3.7 Fighting
 * Level 3.4 Long Blades
 + Level 3.4 Armour
 * Level 2.6 Dodging
 - Level 2.6 Shields


You had 4 spell levels left.
You didn't know any spells.

Dungeon Overview and Level Annotations

Branches:
Dungeon (2/15)

Altars:
Nemelex Xobeh

Annotations:
D:2 Crazy Yiuf


Innate Abilities, Weirdness & Mutations

You have a pair of small antennae on your head.
Your flesh is heat resistant.


Message History

Crazy Yiuf hits you with a quarterstaff of chaos!
Crazy Yiuf burns you.
Crazy Yiuf says, "Rifle!
Candle bush leg."
Crazy Yiuf hits you but does no damage.
You barely miss Crazy Yiuf.
Crazy Yiuf is moderately wounded.
Crazy Yiuf hits you with a quarterstaff of chaos!
You convulse!
* * * LOW HITPOINT WARNING * * *
You are too injured to fight recklessly!
You are too injured to fight recklessly!
Crazy Yiuf glowers.
Crazy Yiuf hits you with a quarterstaff of chaos.
* * * LOW HITPOINT WARNING * * *
You convulse.
* * * LOW HITPOINT WARNING * * *
Drink which item? (? for menu, Esc to quit)
It was a potion of haste.
You feel yourself speed up.
Crazy Yiuf hits you with a quarterstaff of chaos!
You die...

#############
..........#.### ###
#.......#.@##...#
.....##......####g....#
.....#......## ###..)#
.....#...#### ### ####
.....#...# #..# .....#...#
##.# .....#...############
#.#
.....#.#'#..........######.#
.....#.#....##.#.#####.....#


You could see Crazy Yiuf.

Vanquished Creatures
  Sigmund (D:2)
  3 adders (D:2)
  An ooze (D:2)
  A worm (D:2)
  A dart slug (D:1)
  A giant gecko (D:1)
  An orc (D:2)
  A giant cockroach (D:1)
  2 goblins (D:1)
  3 hobgoblins
  8 jackals
  3 kobolds
  A quokka (D:2)
  A ball python (D:2)
  3 bats
  A giant newt (D:2)
  4 rats (D:1)
36 creatures vanquished.

Notes
Turn   | Place    | Note
--------------------------------------------------------------
     0 | D:1      | epen the Demonspawn Fighter began the quest for the Orb.
     0 | D:1      | Reached XP level 1. HP: 18/18 MP: 1/1
   259 | D:1      | Gained mutation: You have a pair of small antennae on your head. [demonic ancestry]
   259 | D:1      | Reached XP level 2. HP: 22/24 MP: 2/2
   553 | D:1      | Reached skill level 1 in Dodging
   666 | D:2      | Reached XP level 3. HP: 29/29 MP: 3/3
  1292 | D:2      | Found a sparkling altar of Nemelex Xobeh.
  1419 | D:2      | Noticed Sigmund
  1431 | D:2      | Killed Sigmund
  1431 | D:2      | Reached XP level 4. HP: 19/37 MP: 4/4
  1431 | D:2      | Gained mutation: Your flesh is heat resistant. [demonic ancestry]
  1431 | D:2      | Reached XP level 5. HP: 22/42 MP: 5/5
  1744 | D:2      | Noticed Crazy Yiuf
  1753 | D:2      | HP: 1/42 [Crazy Yiuf/quarterstaff of chaos (6)]
  1754 | D:2      | Mangled by Crazy Yiuf

Skill      XL: |  1  2  3 |
---------------+----------+-----
Long Blades    | 2 3 |  3.4
Armour         | 3 |  3.4
Dodging        | 1 2 |  2.6
Fighting       | |  3.7
Shields        | |  2.6

Action                   |  1- 3 |  4- 6 || total
-------------------------+-------+-------++-------
Melee: Long sword        |   111 |    23 ||   134
  Use: Potion            |       |     1 ||     1
  Eat: Chunk             |     1 |     1 ||     2
Armor: Scale mail        |    71 |    12 ||    83
Dodge: Dodged            |    70 |    16 ||    86
